Map: Kairos Junction LE

Players

Elazer

  • Race: Zerg Zerg
  • League: Grandmaster
  • Spawn Location: 5:00

TYTY (TY) - Winner!

  • Race: Terran Terran
  • League: Diamond
  • Spawn Location: 11:00

Event: HomeStory Cup XIX

VOD

Have the link to the VOD?

Description

Time

  • Played on: June 28, 2019, 9:02 a.m.
  • Length: 10:00

All games in this series

Show
View Real Time Build Order
Export as new Build Order

Elazer Zerg 

Build Orders: Hatch First 

Get SALT Encoding   

  12  0:00  Drone  
  13  0:11  Overlord  
  13  0:16  Drone  
  14  0:30  Drone x2  
  16  0:47  Hatchery  
  15  0:51  Drone  
  15  0:54  Drone  
  17  0:57  Drone  
  18  1:08  Extractor  
  17  1:13  Spawning Pool  
  17  1:16  Drone  
  17  1:20  Drone  
  18  1:27  Drone  
  19  1:38  Drone  
  20  1:49  Drone  
  21  2:00  Zergling x2, Queen x2  
  21  2:01  Zergling x2  
  27  2:15  Hatchery  
  26  2:18  Overlord  
  26  2:29  Metabolic Boost  
  26  2:32  Overlord  
  26  2:36  Drone  
  27  2:37  Drone  
  28  2:51  Drone x4  
  32  2:56  Overlord  
  32  2:57  Drone  
  33  3:04  Drone  
  34  3:06  Drone  
  34  3:11  Drone  
  36  3:13  Queen  
  36  3:14  Drone x2  
  36  3:17  Drone  
  36  3:19  Overlord  
  41  3:29  Queen  
  41  3:33  Drone x3  
  46  3:38  Drone x2  
  46  3:41  Drone x3  
  51  3:43  Drone  
  51  3:46  Drone  
  53  3:52  Queen  
  53  3:53  Overlord  
  54  3:58  Baneling Nest  
  54  3:59  Drone x2  
  55  4:04  Zergling x4  
  57  4:14  Overlord  
  55  4:18  Zergling x8  
  55  4:19  Zergling x2  
  55  4:20  Drone x2  
  55  4:23  Overlord  
  61  4:32  Queen  
  61  4:33  Overlord  
  61  4:34  Drone x2  
  65  4:42  Overlord  
  65  4:43  Drone x6  
  71  4:47  Drone x3, Spore Crawler  
  71  4:49  Spore Crawler  
  72  4:55  Baneling x3  
  72  4:59  Zergling x2  
  73  5:01  Overlord  
  73  5:04  Spore Crawler  
  73  5:06  Lair  
  72  5:08  Queen  
  72  5:09  Extractor  
  72  5:10  Extractor  
  72  5:11  Drone x5  
  72  5:13  Baneling x3  
  77  5:14  Zergling x2  
  77  5:19  Zergling x6  
  81  5:25  Zergling x6  
  79  5:35  Overlord  
  77  5:36  Drone x5  
  77  5:39  Drone  
  77  5:41  Drone x2  
  80  5:43  Drone  
  80  5:48  Drone x4  
  85  5:55  Drone x3  
  83  6:00  Overlord  
  83  6:01  Queen  
  83  6:02  Drone  
  83  6:04  Overseer, Extractor  
  83  6:05  Overlord  
  83  6:15  Centrifical Hooks  
  83  6:18  Zergling x2  
  83  6:19  Zergling x6  
  83  6:24  Drone x3, Overlord  
  83  6:25  Hatchery  
  82  6:29  Overlord  
  82  6:30  Drone x3  
  83  6:35  Drone  
  83  6:38  Drone x2  
  86  6:47  Evolution Chamber x2  
  86  6:49  Evolution Chamber  
  77  6:56  Drone x6  
  77  6:59  Drone x3  
  82  7:11  Drone x2, Overseer  
  82  7:12  Drone  
  82  7:15  Overlord  
  85  7:16  Extractor, Zerg Ground Armor Level 1, Zerg Melee Weapons Level 1  
  85  7:20  Zergling x12  
  90  7:25  Overlord  
  90  7:29  Drone  
  91  7:32  Hatchery  
  91  7:36  Zergling x4  
  92  7:38  Spore Crawler  
  92  7:41  Queen  
  92  7:42  Queen x2  
  92  7:44  Drone x6  
  102  7:45  Spore Crawler  
  102  7:51  Drone  
  102  7:53  Zergling x10  
  108  8:02  Zergling x6  
  107  8:14  Drone x2  
  107  8:15  Drone x3, Extractor, Roach Warren  
  107  8:17  Drone x5  
  109  8:26  Drone x2  
  111  8:27  Drone x5  
  111  8:31  Extractor  
  111  8:32  Extractor  
  109  8:37  Drone x4  
  85  8:51  Zergling x20  
  85  8:55  Overlord  
  90  8:57  Drone x7  
  95  9:08  Overlord  
  94  9:10  Drone x5  
  94  9:12  Drone  
  92  9:17  Drone x4  
  92  9:20  Drone  
  92  9:21  Queen x2  
  95  9:26  Drone x4  
  95  9:27  Spore Crawler  
  95  9:30  Drone x4  
  95  9:31  Infestation Pit, Drone  
  102  9:33  Roach  
  102  9:35  Drone  
  104  9:39  Drone x2  
  107  9:45  Drone  
  107  9:50  Spore Crawler  
Show
View Real Time Build Order
Export as new Build Order

TYTY Terran - Winner!

Build Orders: Hellion Banshee, Mech 

Get SALT Encoding   

  12  0:00  SCV  
  13  0:12  SCV  
  14  0:17  Supply Depot  
  14  0:24  SCV  
  15  0:39  Barracks, SCV  
  16  0:43  Refinery  
  16  0:51  SCV  
  17  1:03  SCV  
  18  1:15  SCV  
  19  1:25  Marine  
  19  1:27  Orbital Command  
  20  1:44  Marine  
  20  1:45  Command Center  
  21  1:56  Factory  
  21  1:59  SCV  
  22  2:11  SCV  
  22  2:14  Refinery  
  23  2:22  Supply Depot  
  23  2:29  Barracks Reactor, SCV  
  23  2:42  Starport  
  26  2:44  SCV, Hellion  
  26  2:56  Orbital Command, SCV  
  27  3:08  SCV  
  27  3:12  Hellion x2  
  32  3:13  Barracks Tech Lab  
  32  3:20  Viking, SCV  
  32  3:22  SCV  
  36  3:32  SCV  
  37  3:36  SCV  
  37  3:38  Supply Depot  
  42  3:41  Hellion x2  
  42  3:44  SCV  
  43  3:51  SCV  
  43  3:54  Supply Depot  
  44  3:56  SCV  
  44  3:57  Cloaking Field  
  44  3:59  Banshee  
  48  4:04  SCV  
  48  4:05  Supply Depot  
  48  4:09  Hellion  
  51  4:13  Hellion  
  51  4:15  SCV  
  51  4:16  SCV  
  55  4:24  Armory  
  55  4:28  SCV, Supply Depot  
  55  4:30  Hellion  
  58  4:34  SCV  
  59  4:41  SCV  
  59  4:42  Banshee  
  63  4:46  SCV  
  63  4:48  Supply Depot  
  63  4:51  Barracks Tech Lab  
  64  4:53  SCV  
  64  4:54  Hellion  
  64  4:55  Hellion  
  64  4:58  SCV  
  70  5:06  SCV  
  71  5:12  Marine  
  72  5:16  Hellion x2  
  76  5:25  Banshee  
  73  5:32  Command Center, SCV  
  68  5:37  SCV, Hellion x2  
  67  5:46  Refinery  
  67  5:47  Refinery  
  67  5:48  SCV  
  67  5:49  SCV  
  69  5:58  Hellion  
  69  5:59  Hellion  
  69  6:01  SCV x2  
  73  6:08  Hyperflight Rotors, Banshee  
  73  6:10  Factory  
  76  6:14  Factory  
  76  6:16  SCV  
  76  6:18  SCV  
  78  6:20  Hellion x2  
  78  6:21  Supply Depot  
  78  6:22  Supply Depot  
  78  6:28  SCV  
  75  6:35  SCV  
  75  6:36  Terran Vehicle Weapons Level 1  
  76  6:40  SCV  
  76  6:41  Hellion x2  
  76  6:45  Orbital Command  
  81  6:48  SCV  
  81  6:51  Banshee  
  81  6:52  SCV  
  86  6:57  Factory Tech Lab  
  86  7:00  SCV  
  81  7:03  Hellion x2  
  81  7:04  SCV  
  81  7:05  Siege Tank  
  81  7:06  Factory Tech Lab  
  81  7:07  Orbital Command  
  89  7:12  SCV  
  90  7:15  Supply Depot  
  90  7:16  SCV  
  90  7:17  Supply Depot  
  91  7:24  SCV  
  91  7:26  Siege Tank  
  91  7:28  SCV  
  96  7:30  Hellion x2  
  96  7:34  SCV  
  96  7:35  Banshee  
  96  7:36  SCV  
  105  7:42  Factory  
  105  7:43  SCV, Factory  
  106  7:49  Siege Tank  
  106  7:50  SCV x2  
  106  7:51  Refinery  
  111  7:55  SCV  
  111  7:57  Supply Depot  
  112  8:00  Hellion  
  112  8:02  SCV, Supply Depot  
  112  8:03  Siege Tank, SCV  
  118  8:13  SCV  
  118  8:14  SCV  
  117  8:21  Siege Tank, SCV  
  117  8:24  Banshee  
  117  8:25  Refinery  
  117  8:26  Factory Reactor, Factory Tech Lab, Hellion  
  126  8:28  Hellion  
  126  8:42  SCV  
  126  8:44  Siege Tank  
  126  8:45  Siege Tank  
  128  8:49  Command Center  
  128  8:53  Hellion x2  
  132  8:56  SCV  
  132  9:00  Command Center  
  131  9:03  Siege Tank  
  131  9:05  Hellion x2  
  131  9:07  Banshee  
  137  9:17  Siege Tank x2, Hellion x2  
  144  9:26  Hellion x2  
  148  9:32  Armory  
  148  9:37  Supply Depot x2  
  145  9:38  Supply Depot  
Tags
 
Add a new tag
Caveats
  • Supply blocks, unpowered buildings, or Contaminate may cause inaccurate times.
  • Supply counts are checked every 10 seconds.